 Dungeon Crawl Stone Soup version 0.31-a0-150-g89dc3ad700 (webtiles) character file.

Game seed: 1612582492582642128

102 qw the Shooter (level 4, 0/28 HPs)
             Began as a Gargoyle Hunter on June 8, 2023.
             Slain by Sigmund
             ... wielding a +0 scythe
              (8 damage)
             ... on level 3 of the Dungeon.
             The game lasted 00:00:41 (1849 turns).

qw the Shooter (Gargoyle Hunter)                    Turns: 1849, Time: 00:00:42

Health: 0/28       AC: 10    Str: 14    XL:     4   Next: 78%
Magic:  4/4        EV: 11    Int: 10    God:
Gold:   57         SH:  0    Dex: 15    Spells: 3/3 levels left

rFire   . . .        Y - +0 shortbow
rCold   . . .        (shield currently unavailable)
rNeg    + . .        j - +0 ring mail
rPois   inf          a - +0 helmet
rElec   +            (no cloak)
rCorr   .            (no gloves)
SInv    .            (no boots)
Will    .....        (no amulet)
Stlth   +            (no ring)
HPRegen 0.24/turn    (no ring)
MPRegen 0.09/turn

%: no passive effects
@: no status effects
A: sickness immunity, AC +3, negative energy resistance 1, electricity
resistance, torment resistance 1, petrification resistance
a: no special abilities


You were on level 3 of the Dungeon.
You visited 1 branch of the dungeon, and saw 3 of its levels.

You collected 57 gold pieces.


Innate Abilities, Weirdness & Mutations

You are immune to sickness and miasma.
Your stone body is resilient. (AC +3)
You are immune to poison.
You resist negative energy. (rN+)
You are resistant to electric shocks. (rElec)
You are resistant to unholy torment.
You are immune to petrification.


   Skills:
 - Level 3.0 Fighting
 + Level 5.3 Ranged Weapons
 - Level 1.5 Armour
 - Level 1.5 Dodging
 - Level 1.1 Stealth


You had 3 spell levels left.
You didn't know any spells.
Your spell library was empty.

Inventory:

Hand Weapons
 Y - a +0 shortbow (weapon)
Armour
 a - a +0 helmet (worn)
 j - a +0 ring mail (worn)
Scrolls
 g - 2 scrolls of teleportation
Potions
 c - a potion of might {unknown}
 d - a potion of heal wounds {unknown}
 h - a potion of curing {unknown}
 i - a potion of degeneration {unknown}

Dungeon Overview and Level Annotations

Branches:
Dungeon (3/15)

Altars:

Annotations:
D:3 Sigmund


Message History

Sigmund flickers and vanishes!
Deactivating autopickup; reactivate with Ctrl-A.
The hobgoblin misses you.
You shoot an arrow. The arrow hits the hobgoblin.
You kill the hobgoblin!
Something hits you but does no damage.
The endoplasm jiggles.
The endoplasm barely misses you.
You shoot an arrow. The arrow hits the endoplasm.
The endoplasm is moderately wounded.
The endoplasm hits you.
You shoot an arrow. The arrow hits the endoplasm!
You kill the endoplasm!
Something hits you.
You shoot an arrow. Something hits you.
You shoot an arrow. Something hits you but does no damage.
You shoot an arrow. Something hits you but does no damage.
You shoot an arrow. You shoot an arrow. Something hits you.
You shoot an arrow. Something hits you.
You shoot an arrow. You shoot an arrow. Something hits you.
You shoot an arrow. Something hits you.
You shoot an arrow. Something hits you!
You shoot an arrow. Something hits you but does no damage.
You shoot an arrow. Something hits you but does no damage.
You shoot an arrow. You shoot an arrow. Something hits you!
You die...

#. .#. .....## ..
#....>###
#.###.......
#.......... ###.
##.....##.# ....
#.......#.#..###.
##...>...(@%...$..
.........>.%......
.......<%<..{.....
.#...........[....
#................
#...............#
..#####..........#
. ##........##
#........


There were no monsters in sight!

Vanquished Creatures
  Robin (D:2)
  3 adders
  A worm (D:2)
  A dart slug (D:2)
  3 ball pythons
  9 bats
  3 endoplasms
  5 giant cockroaches
  12 hobgoblins
  4 kobolds
  2 quokkas (D:2)
  2 frilled lizards
  8 goblins
  2 rats (D:2)
56 creatures vanquished.

Notes
Turn   | Place    | Note
-------+----------+-------------------------------------------
     0 | D:1      | qw the Gargoyle Hunter began the quest for the Orb.
     0 | D:1      | Reached XP level 1. HP: 12/12 MP: 1/1
     0 | D:1      | 0 ||| qw: Version: 0.2-a-120-ga58a385
     0 | D:1      | 0 ||| qw: Game counter: 2942
     0 | D:1      | 0 ||| qw: Always use a shield: true
     0 | D:1      | 0 ||| qw: God list: Okawaru
     0 | D:1      | 0 ||| qw: Allow faded altars: false
     0 | D:1      | 0 ||| qw: Do Orc after D:15 true
     0 | D:1      | 0 ||| qw: Do second Lair branch before Depths: true
     0 | D:1      | 0 ||| qw: Lair rune preference: random
     0 | D:1      | 0 ||| qw: Plans: Normal
     0 | D:1      | 0 ||| PLANNING D:1-11
    91 | D:1      | Reached XP level 2. HP: 17/17 MP: 2/2
   483 | D:1      | 483 ||| FLEEEEING.
   608 | D:1      | 608 ||| UPGRADING to +0 ring mail.
   618 | D:1      | 618 ||| DROPPING +0 leather armour.
   619 | D:1      | 619 ||| READING scroll labelled KYADIDD ESOBIWU.
   620 | D:1      | 620 ||| READING scroll labelled SUCOCO GOZUCEH.
   621 | D:1      | 621 ||| READING 3 scrolls labelled GIEKUL KIKEICW.
   624 | D:1      | 624 ||| DROPPING scroll of butterflies.
   699 | D:2      | Reached XP level 3. HP: 17/21 MP: 3/3
   767 | D:2      | Noticed Robin
   773 | D:2      | Reached skill level 1 in Armour
   786 | D:2      | Reached skill level 5 in Ranged Weapons
   790 | D:2      | Killed Robin
   795 | D:2      | Reached XP level 4. HP: 17/27 MP: 4/4
  1140 | D:2      | Reached skill level 3 in Fighting
  1786 | D:2      | 1786 ||| UPGRADING to +0 helmet.
  1791 | D:2      | 1791 ||| DROPPING ring of wizardry.
  1828 | D:3      | Noticed Sigmund
  1845 | D:3      | HP: 7/28 [something (7)]
  1849 | D:3      | Slain by Sigmund

Levels and vault maps discovered:
D:1:      wander_arrival_desolate, layout_loops_cross
D:2:      minmay_evil_eye, layout_loops_corners, serial_forest,
          infiniplex_forest_straight_4, infiniplex_forest_straight_2,
          infiniplex_forest_straight_5, infiniplex_forest_pool,
          infiniplex_forest_straight_2, infiniplex_forest_join,
          infiniplex_forest_split, infiniplex_forest_clump_long,
          infiniplex_forest_clump_small, uniq_robin
D:3:      layout_rooms, shapermc_ecumenical_altar_mp_urbaneastern, uniq_sigmund

Skill      XL: |  1  2  3  4 |
---------------+-------------+-----
Armour         | 1 |  1.5
Ranged Weapons | 5 |  5.3
Fighting       | 3 |  3.0
Dodging        | |  1.5
Stealth        | |  1.1

Action                     |  1- 3 |  4- 6 || total
---------------------------+-------+-------++-------
   Fire: Shortbow          |    89 |    98 ||   187
    Use: Scroll            |     3 |       ||     3
 Armour: Ring mail         |    33 |    27 ||    60
         Leather armour    |     2 |       ||     2
  Dodge: Dodged            |    33 |    30 ||    63

Table legend:
 A = Non-vault XP
 B = Vault XP
 C = Vault XP percentage of total XP
 D = Non-vault monster count
 E = Vault monster count
 F = Vault count percentage of total count
                 A         B        C        D         E       F
            +---------+---------+-------+---------+---------+-------
      Total |     111 |      36 |  24.5 |      43 |      13 |  23.2
            +---------+---------+-------+---------+---------+-------
        D:1 |      31 |       0 |   0.0 |      18 |       0 |   0.0
        D:2 |      56 |      36 |  39.1 |      18 |      13 |  41.9
        D:3 |      24 |       0 |   0.0 |       7 |       0 |   0.0
            +---------+---------+-------+---------+---------+-------
